 Dungeon Crawl Stone Soup version 0.29.0-4-gdea44cf6ec (webtiles) character file.

Game seed: 4846410859282363028

69 qw the Ruffian (level 4, -1/35 HPs)
             Began as a Ghoul Fire Elementalist on Aug 29, 2022.
             Slain by a gnoll
             ... wielding a +0 spear
              (4 damage)
             ... on level 3 of the Dungeon.
             The game lasted 00:01:26 (2333 turns).

qw the Ruffian (Ghoul Fire Elementalist)            Turns: 2333, Time: 00:01:27

Health: -1/35      AC: 10    Str: 13    XL:     4   Next: 20%
Magic:  5/5        EV:  3    Int: 10    God:
Gold:   78         SH:  0    Dex:  9    Spells: 5/6 levels left

rFire   + . .      SeeInvis .     - Unarmed
rCold   + . .      Faith    .   (no shield)
rNeg    + + +      Spirit   .   d - +0 plate armour
rPois   inf        Reflect  .   (no helmet)
rElec   .          Harm     .   (no cloak)
rCorr   .          Rampage  .   (no gloves)
Will    .....                   (no boots)
Stlth   ..........              (no amulet)
HPRegen 0.00/turn               e - ring of protection from fire
MPRegen 0.09/turn               (no ring)

@: inhibited regen
A: claws 1, cold resistance 1, negative energy resistance 3, inhibited
regeneration, torment resistance 2, devour on kill
a: no special abilities


You were on level 3 of the Dungeon.
You visited 1 branch of the dungeon, and saw 3 of its levels.

You collected 78 gold pieces.


Innate Abilities, Weirdness & Mutations

You are immune to poison.
You have sharp fingernails.
Your flesh is cold resistant. (rC+)
You are immune to negative energy. (rN+++)
You do not regenerate when monsters are visible.
You are immune to unholy pain and torment.
You thrive by killing the living.


   Skills:
 - Level 1.2 Fighting
 - Level 1.0 Armour
 - Level 1.7 Dodging
 - Level 2.1 Stealth
 + Level 3.3 Unarmed Combat
 - Level 1.7 Spellcasting
 - Level 0.7 Conjurations
 - Level 2.4 Fire Magic


You had 5 spell levels left.
You knew the following spells:

 Your Spells              Type           Power      Damage    Failure   Level
a - Foxfire               Conj/Fire      16%        2x1d4     100%        1

Your spell library contained the following spells:

 Spells                   Type           Power      Damage    Failure   Level
 Scorch                   Fire           10%        2d5       100%        2
 Conjure Flame            Conj/Fire      4%         6-21      100%        3
 Inner Flame              Hex/Fire       3%         N/A       100%        3
 Flame Wave               Conj/Fire      4%         2d5       100%        4

Inventory:

Armour
 d - a +0 plate armour (worn)
Jewellery
 e - a ring of protection from fire (left claw)
Scrolls
 c - a scroll of identify
Potions
 a - a potion of heal wounds

Dungeon Overview and Level Annotations

Branches:
Dungeon (3/15)

Altars:

Annotations:
D:2 1 runed translucent door, Crazy Yiuf


Message History

Found a scroll labelled KOAK ERAUMUSYCOBI and 4 stones.
Found a stone staircase leading up.
There is a stone staircase leading up here.
There are monsters nearby!
Existing waypoints: (1) D:2 (2) D:1 Assign waypoint to what number? (0-9, D - delete waypoint) Waypoint 2 re-assigned from D:1 to D:3.
Enter note: A hobgoblin comes into view.
The hobgoblin shouts!
You hear a shout!
The gnoll hits you with a +0 spear.
You scratch the gnoll.
The gnoll is lightly wounded.
You closely miss the gnoll.
The gnoll is lightly wounded.
The gnoll hits you but does no damage. The gnoll hits you with a +0 spear.
You scratch the gnoll.
The gnoll is heavily wounded.
A gnoll comes into view. It is wielding a +0 spear.
The gnoll hits you with a +0 spear. The gnoll hits you but does no damage.
You barely miss the gnoll.
The gnoll is heavily wounded.
The gnoll hits you with a +0 spear. The gnoll hits you but does no damage.
You scratch the gnoll.
The gnoll is severely wounded.
The hobgoblin barely misses you.
The gnoll hits you from afar with a +0 spear. x2
The gnoll hits you with a +0 spear.
You scratch the gnoll but do no damage.
The gnoll is severely wounded.
The hobgoblin hits you but does no damage.
The gnoll hits you from afar with a +0 spear.
The gnoll hits you with a +0 spear.
The gnoll hits you from afar with a +0 spear.
You barely miss the gnoll.
The gnoll is severely wounded.
The gnoll hits you from afar with a +0 spear!
The hobgoblin hits you. The gnoll hits you with a +0 spear.
You die...

#.........#
#.........# #
#.........#
..##.........#
...........#
####.........#
.............#
...?.<.<.....#
.....g.@.....#
.......gg###...
....#g##... .
... #. ..... ..
.. ....... . ..
....... ..#
....... ...
.......


You could see 3 gnolls and a hobgoblin.

Vanquished Creatures
  Terence (D:2)
  An adder (D:2)
  A worm (D:2)
  3 orcs
  4 bats
  5 endoplasms
  2 giant cockroaches (D:1)
  A goblin (D:2)
  A hobgoblin (D:2)
  2 quokkas
  2 ball pythons (D:1)
  A frilled lizard (D:2)
  3 kobolds (D:1)
  A rat (D:1)
28 creatures vanquished.

Notes
Turn   | Place    | Note
-------+----------+-------------------------------------------
     0 | D:1      | qw the Ghoul Fire Elementalist began the quest for the Orb.
     0 | D:1      | Reached XP level 1. HP: 14/14 MP: 2/2
     0 | D:1      | 0 ||| qw: Version: 0.1-a-90-g952f4b7
     0 | D:1      | 0 ||| qw: Game counter: 4021
     0 | D:1      | 0 ||| qw: Always use a shield: true
     0 | D:1      | 0 ||| qw: God list: Okawaru
     0 | D:1      | 0 ||| qw: Allow faded altars: false
     0 | D:1      | 0 ||| qw: Do Orc after D:15 true
     0 | D:1      | 0 ||| qw: Do second Lair branch before Depths: true
     0 | D:1      | 0 ||| qw: Lair rune preference: random
     0 | D:1      | 0 ||| qw: Plans: Normal
     0 | D:1      | 0 ||| PLANNING D:1-11
    66 | D:1      | Reached skill level 1 in Unarmed Combat
   153 | D:1      | Reached skill level 1 in Fighting
   153 | D:1      | Reached XP level 2. HP: 23/23 MP: 3/3
   488 | D:1      | Found a faded altar of an unknown god.
   687 | D:1      | Reached skill level 2 in Unarmed Combat
  1103 | D:1      | 1103 ||| UPGRADING to +0 plate armour.
  1113 | D:1      | 1113 ||| DROPPING +0 robe.
  1114 | D:1      | 1114 ||| READING scroll labelled CEOJECVORYRCH.
  1115 | D:1      | 1115 ||| READING scroll labelled DUMEPYRCH WAUZI.
  1116 | D:1      | 1116 ||| READING scroll labelled EDUQOW ETZUSM.
  1117 | D:1      | 1117 ||| DROPPING potion of magic.
  1223 | D:2      | Noticed Terence
  1236 | D:2      | HP: 3/23 [Terence/+0 flail (6)]
  1237 | D:2      | Killed Terence
  1238 | D:2      | Reached skill level 3 in Unarmed Combat
  1238 | D:2      | Reached XP level 3. HP: 6/28 MP: 4/4
  1820 | D:2      | 1820 ||| FLEEEEING.
  1821 | D:2      | 1821 ||| STAIRDANCE
  1850 | D:2      | 1850 ||| STAIRDANCE
  1861 | D:2      | Reached skill level 1 in Armour
  1861 | D:2      | Reached XP level 4. HP: 35/35 MP: 5/5
  2225 | D:2      | Found a runed translucent door.
  2226 | D:2      | Noticed Crazy Yiuf
  2259 | D:2      | 2259 ||| UPGRADING to ring of protection from fire.
  2260 | D:2      | 2260 ||| READING 3 scrolls labelled YSEBBEM ARONE.
  2261 | D:2      | 2261 ||| READING 2 scrolls of identify.
  2261 | D:2      | 2261 ||| IDENTIFYING coppery potion
  2262 | D:2      | 2262 ||| DROPPING 2 scrolls of poison.
  2333 | D:3      | HP: 5/35 [gnoll/+0 spear (7)]
  2333 | D:3      | Slain by a gnoll

Levels and vault maps discovered:
D:1:      zelgadis_glass_arrival_small, layout_basic,
          shapermc_ecumenical_altar_mp_vishouse, chequers_serial_rivers_micro_b
D:2:      layout_loops_ring, uniq_crazy_yiuf_cottage, uniq_terence
D:3:      layout_rooms, mainiacjoe_overflow_six_doors_small,
          minmay_starry_boxes, uniq_sigmund

Skill      XL: |  1  2  3 |
---------------+----------+-----
Unarmed Combat | 1 3 |  3.3
Fighting       | 1 |  1.2
Armour         | 1 |  1.0
Dodging        | |  1.7
Stealth        | |  2.1
Spellcasting   | |  1.7
Conjurations   | |  0.7
Fire Magic     | |  2.4

Action                   |  1- 3 |  4- 6 || total
-------------------------+-------+-------++-------
Melee: Unarmed           |   117 |    20 ||   137
  Use: Scroll            |     3 |     2 ||     5
Armor: Robe              |    16 |       ||    16
       Plate armour      |    24 |    11 ||    35
Dodge: Dodged            |    50 |     1 ||    51

Table legend:
 A = Non-vault XP
 B = Vault XP
 C = Vault XP percentage of total XP
 D = Non-vault monster count
 E = Vault monster count
 F = Vault count percentage of total count
                 A         B        C        D         E       F
            +---------+---------+-------+---------+---------+-------
      Total |      67 |      32 |  32.3 |      27 |       1 |   3.6
            +---------+---------+-------+---------+---------+-------
        D:1 |      31 |       0 |   0.0 |      17 |       0 |   0.0
        D:2 |      36 |      32 |  47.1 |      10 |       1 |   9.1
            +---------+---------+-------+---------+---------+-------
